 Dungeon Crawl Stone Soup version 0.16-a0-922-gae79c9c (webtiles) character file.

219 Ololoev the Slasher (level 5, 0/41 HPs)
             Began as a Centaur Gladiator on Sept 30, 2014.
             Slain by a phantom (6 damage)
             ... on Level 4 of the Dungeon.
             The game lasted 00:05:48 (3168 turns).

Ololoev the Slasher (Centaur Gladiator)             Turns: 3168, Time: 00:05:48

HP   0/41        AC  5     Str 17      XL: 5   Next: 63%
MP   4/4         EV 10     Int  7      God:
Gold 90          SH  0     Dex 11      Spells:  0 memorised,  4 levels left

rFire  . . .     SeeInvis .     a - +0 long sword
rCold  . . .     Clarity  .     b - +0 leather armour
rNeg   . . .     rCorr    .     (no shield)
rPois  .         rRot     .     c - +0 helmet
rElec  .         Spirit   .     (no cloak)
SustAb .         Warding  .     (no gloves)
rMut   .         Stasis   .     (no barding)
Gourm  .                        (no amulet)
MR     .....                    (no ring)
                                (no ring)

@: very quick, not resistant to hostile enchantments, very unstealthy
A: hooves 3, deformed body, speed 2, tough skin 3
a: no special abilities


You were on level 4 of the Dungeon.
You were not hungry.

You visited 1 branch of the dungeon, and saw 4 of its levels.

You collected 90 gold pieces.

Inventory:

Hand weapons
 a - a +0 long sword (weapon)
Missiles
 d - 2 throwing nets (quivered)
Armour
 b - a +0 leather armour (worn)
 c - a +0 helmet (worn)
Comestibles
 f - 2 bread rations
 k - 3 meat rations
Scrolls
 e - a scroll of fear {unknown}
 g - 2 scrolls of remove curse {unknown}
 h - a scroll of immolation {unknown}
 i - a scroll of amnesia {unknown}
 j - a scroll of teleportation {unknown}
Potions
 l - 3 potions of curing


   Skills:
 - Level 2.0 Fighting
 * Level 5.1 Long Blades
 + Level 4.8 Throwing
 - Level 2.1 Dodging


You had 4 spell levels left.
You didn't know any spells.

Dungeon Overview and Level Annotations

Branches:
Dungeon (4/15)
 Temple: D:4-7

Altars:
Ashenzari
Elyvilon
Makhleb
Ru
Sif Muna
Xom

Shops:
D:4 %

Annotations:
D:3 Ololoev's ghost, average CeGl


Innate Abilities, Weirdness & Mutations

You have hooves in place of feet.
Armour fits poorly on your strangely shaped body.
You cover ground very quickly.
You have extremely tough skin (AC +3).


Message History

You hit the phantom.
The phantom is severely damaged.
The phantom hits you.
* * * LOW HITPOINT WARNING * * *
You are too injured to fight recklessly!
You are too injured to fight recklessly!
You are too injured to fight recklessly!
You closely miss the phantom. You kick the phantom.
The phantom is severely damaged.
The phantom hits you.
* * * LOW HITPOINT WARNING * * *
You closely miss the phantom. You kick the phantom.
The phantom is severely damaged.
The phantom hits you.
* * * LOW HITPOINT WARNING * * *
The phantom blinks!
You slash the phantom! You kick the phantom.
The phantom is almost destroyed.
The phantom barely misses you. The phantom hits you.
You die...

##...######.#
#####.###### .
.....# # #. .##..#
.## #. . #..## ..#
.##%..# ..##
....#.# ..#
##....###### #.###
##.#......####...#
#
#.#...##.<....@.#
...
..#....#####.W..#
♣...♣ #.###..##
##...#....... #.
#### #...%...∩...
#...#.......
#...#.♣...♣ #...#
. ... ##### ## #


You could see a phantom.

Vanquished Creatures
  A scorpion (D:4)
  A hound (D:4)
  Jessica (D:2)
  5 adders
  4 worms
  3 oozes
  2 orcs (D:3)
  7 bats
  2 giant cockroaches
  6 goblins
  5 hobgoblins
  3 jackals (D:2)
  7 kobolds
  2 giant newts
  2 rats
51 creatures vanquished.

Notes
Turn   | Place    | Note
--------------------------------------------------------------
     0 | D:1      | Ololoev, the Centaur Gladiator, began the quest for the Orb.
     0 | D:1      | Reached XP level 1. HP: 17/17 MP: 1/1
   441 | D:1      | Reached skill level 3 in Long Blades
   717 | D:1      | Reached XP level 2. HP: 24/24 MP: 2/2
  1384 | D:2      | Reached XP level 3. HP: 29/29 MP: 3/3
  1463 | D:2      | Found a shimmering altar of Xom.
  1463 | D:2      | Found a burning altar of Makhleb.
  1793 | D:2      | Noticed Jessica
  1801 | D:2      | Killed Jessica
  1801 | D:2      | Reached skill level 4 in Long Blades
  1801 | D:2      | Reached XP level 4. HP: 33/36 MP: 3/3
  2100 | D:2      | Found a shattered altar of Ashenzari.
  2181 | D:2      | Found a sacrificial altar of Ru.
  2202 | D:2      | Found a deep blue altar of Sif Muna.
  2219 | D:2      | Found a white marble altar of Elyvilon.
  2495 | D:3      | Noticed Ololoev's ghost (average CeGl)
  2553 | D:4      | Reached XP level 5. HP: 18/41 MP: 4/4
  2919 | D:4      | Reached skill level 5 in Long Blades
  3146 | D:4      | Found Joymar's Food Shoppe.
  3146 | D:4      | Noticed a phantom
  3168 | D:4      | Slain by a phantom

Action                   |  1- 3 |  4- 6 || total
-------------------------+-------+-------++-------
Melee: Long sword        |    90 |   118 ||   208
Throw: Throwing net      |     1 |     1 ||     2
  Use: Potion            |       |     1 ||     1
  Eat: Chunk             |     2 |     4 ||     6
